 Dungeon Crawl Stone Soup version 0.29.1-1-gd02db6906a (webtiles) character file.

Game seed: 672454492792398491

5 vvl the Stinger (level 1, 0/13 HPs)
             Began as a Demonspawn Venom Mage on Oct 11, 2022.
             Slain by a hobgoblin (3 damage)
             ... on level 1 of the Dungeon.
             The game lasted 00:01:08 (481 turns).

vvl the Stinger (Demonspawn Venom Mage)              Turns: 481, Time: 00:01:12

Health: 0/13       AC:  2    Str:  8    XL:     1   Next: 66%
Magic:  2/3        EV: 12    Int: 16    God:
Gold:   0          SH:  0    Dex: 13    Spells: 3/4 levels left

rFire   . . .      SeeInvis .   (no weapon)
rCold   . . .      Faith    .   (no shield)
rNeg    . . .      Spirit   .   a - +0 robe
rPois   .          Reflect  .   (no helmet)
rElec   .          Harm     .   (no cloak)
rCorr   .          Rampage  .   (no gloves)
Will    .....                   (no boots)
Stlth   ++........              (no amulet)
HPRegen 0.04/turn               (no ring)
MPRegen 0.08/turn               (no ring)

@: no status effects
A: no striking features
a: no special abilities


You were on level 1 of the Dungeon.
You visited 1 branch of the dungeon, and saw 1 of its levels.

Inventory:

Armour
 a - a +0 robe (worn)
Scrolls
 d - a scroll of fear {unknown}
 f - a scroll of teleportation {unknown}
 g - a scroll of vulnerability {unknown}
Potions
 b - a potion of magic
 c - a potion of haste {unknown}
 e - a potion of invisibility {unknown}


   Skills:
 + Level 0.2 Fighting
 + Level 0.1 Armour
 + Level 1.8 Dodging
 + Level 1.8 Stealth
 + Level 2.0 Spellcasting
 + Level 1.0 Transmutations
 * Level 3.1 Poison Magic


You had 3 spell levels left.
You knew the following spells:

 Your Spells              Type           Power      Damage    Failure   Level
a - Sting                 Tmut/Pois      32%        1d4       9%          1

Your spell library contained the following spells:

 Spells                   Type           Power      Damage    Failure   Level
 Poisonous Vapours        Pois/Air       12%        N/A       17%         2
 Mephitic Cloud           Conj/Pois/Air  4%         N/A       38%         3
 Olgreb's Toxic Radiance  Pois           11%        N/A       50%         4


Dungeon Overview and Level Annotations

Branches:
Dungeon (1/15)

Altars:


Message History

A rat comes into view.
A rat is nearby!
You miscast Sting.
You are very lightly contaminated with residual magic.
Nothing appears to happen.
The sting hits the rat but does no damage.
The rat is poisoned.
You kill the rat!
Your Transmutations skill increases to level 1!
You can't see any susceptible monsters within range! (Use Z to cast anyway.)
Your magical contamination has completely faded away.
There is an open door here.
You see here a rat corpse.
Found 5 stones.
There is a stone staircase leading down here.
A hobgoblin comes into view.
A hobgoblin is nearby!
A hobgoblin is nearby!
The hobgoblin shouts!
You closely miss the hobgoblin. The hobgoblin hits you.
You hit the hobgoblin but do no damage.
The hobgoblin hits you but does no damage.
You closely miss the hobgoblin. The hobgoblin hits you.
You hit the hobgoblin but do no damage. The hobgoblin hits you.
* * * LOW HITPOINT WARNING * * *
You are too injured to fight recklessly!
Casting: Sting (safe; 9% risk of failure)
Confirm with . or Enter, or press ? or * to list all spells.
You don't know that spell.
Unknown command.
Unknown command.
Casting: Sting (safe; 9% risk of failure)
Confirm with . or Enter, or press ? or * to list all spells.
Aiming: Sting (safe; 9% risk of failure)
Press: ? - help, Shift-Dir - straight line, f - hobgoblin
Aim: a hobgoblin (68% to hit)
The sting hits the hobgoblin.
The hobgoblin is poisoned.
The hobgoblin is heavily wounded.
The hobgoblin hits you.
You die...

########## ... .........# #.###
.#######.# ### #####...#### .#
####.# ... #.......>...
.####....# #.. #......#.
......#..# # #.# .#####.......
..÷...#..### #.#.# ........#....
.#....#..†.# #.#g###.######.#>...
.#.#######.# #..@....# #.#....
.#...)#....# ###.##### ##......
.####.#.#### #.# ##.....#.
......#.# #####.##### ##....>...
###.#...# #.........###.....####
##...#.#####.###...#.##.........#
.......>..............'.........+
##...#.#####.##....#.##.........#
##.##.# #.###..##.###.......##


You could see a hobgoblin (poisoned).

Vanquished Creatures
  A ball python (D:1)
  An endoplasm (D:1)
  A giant cockroach (D:1)
  A bat (D:1)
  A rat (D:1)
5 creatures vanquished.

Notes
Turn   | Place    | Note
-------+----------+-------------------------------------------
     0 | D:1      | vvl the Demonspawn Venom Mage began the quest for the Orb.
     0 | D:1      | Reached XP level 1. HP: 13/13 MP: 3/3
   407 | D:1      | Reached skill level 1 in Transmutations
   481 | D:1      | Slain by a hobgoblin

Illustrated notes

Levels and vault maps discovered:
D:1:      lemuel_arrival_broad_hall, layout_loops_corners,
          dreamdust_ecumenical_altar_grove

Skill      XL: |  1 |
---------------+----+-----
Transmutations | 1 |  1.0
Fighting       | |  0.2
Armour         | |  0.1
Dodging        | |  1.8
Stealth        | |  1.8
Spellcasting   | |  2.0
Poison Magic   | |  3.1

Action                   || total
-------------------------++-------
Melee: Unarmed           ||     9
 Cast: Sting             ||    11
Armor: Robe              ||     3
Dodge: Dodged            ||     8
